 Dungeon Crawl Stone Soup version 0.23.2-33-g5129a83184 (webtiles) character file.

Game seed: 7531968940107788087

55 Folque the Charmwright (level 3, -2/31 HPs)
             Began as a Centaur Skald on July 7, 2019.
             Slain by a gnoll
             ... wielding a +0 bardiche
              (9 damage)
             ... on level 2 of the Dungeon.
             The game lasted 00:04:50 (1989 turns).

Folque the Charmwright (Centaur Skald)              Turns: 1989, Time: 00:04:51

Health: -2/31      AC:  6    Str: 13    XL:     3   Next: 67%
Magic:  0/6        EV:  9    Int: 13    God:
Gold:   71         SH:  0    Dex:  8    Spells: 1/6 levels left

rFire    . . .     SeeInvis .   a - +0 falchion
rCold    . . .     Gourm    .   (no shield)
rNeg     . . .     Faith    .   b - +0 leather armour
rPois    .         Spirit   .   (no helmet)
rElec    .         Reflect  .   (no cloak)
rCorr    .         Harm     .   n - +1 pair of gloves
MR       .....                  (no barding)
Stlth    ..........             (no amulet)
HPRegen  0.10/turn              (no ring)
MPRegen  0.10/turn              (no ring)

@: shrouded, singing (expiring), very slightly contaminated, very quick
A: large, hooves 3, deformed body, speed 2, tough skin 3
a: no special abilities


You were on level 2 of the Dungeon.
You were hungry.

You visited 1 branch of the dungeon, and saw 2 of its levels.

You collected 71 gold pieces.

Inventory:

Hand Weapons
 a - a +0 falchion (weapon)
Armour
 b - a +0 leather armour (worn)
 n - a +1 pair of gloves (worn)
Jewellery
 j - an uncursed ring of see invisible {unknown}
Scrolls
 c - a scroll of teleportation {unknown}
 e - a scroll of identify {unknown}
 f - 2 scrolls of magic mapping {unknown}
 k - a scroll of immolation {unknown}
 l - a scroll of fear {unknown}
Potions
 h - 2 potions of mutation {unknown}
 i - 3 potions of heal wounds {unknown}
 m - a potion of cancellation {unknown}
Comestibles
 d - 4 rations
 g - 2 chunks of flesh


   Skills:
 * Level 3.0 Fighting
 - Level 1.7 Long Blades
 - Level 0.6 Armour
 - Level 1.3 Dodging
 * Level 2.3 Spellcasting
 + Level 3.0 Charms


You had one spell level left.
You knew the following spells:

 Your Spells              Type           Power        Failure   Level  Hunger
a - Infusion              Chrm           #...         9%          1    #......
b - Shroud of Golubria    Chrm/Tloc      #.........   26%         2    ###....
c - Song of Slaying       Chrm           #.......     14%         2    ###....

Your spell library contained the following spells:

 Spells                   Type           Power        Failure   Level  Hunger
 Regeneration             Chrm/Necr      #.........   45%         3    ###....
 Spectral Weapon          Hex/Chrm       #.......     45%         3    ###....


Dungeon Overview and Level Annotations

Branches:
Dungeon (2/15)

Altars:


Innate Abilities, Weirdness & Mutations

You have hooves in place of feet.
Armour fits poorly on your strangely shaped body.
You cover ground very quickly.
You have extremely tough skin. (AC +3)


Message History

Casting: Song of Slaying (safe; 14% risk of failure)
Confirm with . or Enter, or press ? or * to list all spells.
You miscast Shroud of Golubria.
You are very lightly contaminated with residual magic.
Nothing appears to happen.
The gnoll closely misses you.
Casting: Shroud of Golubria (safe; 26% risk of failure)
Confirm with . or Enter, or press ? or * to list all spells.
Space distorts slightly along a thin shroud covering your body.
Your song is almost over.
The gnoll barely misses you.
You closely miss the gnoll.
The gnoll is moderately wounded.
The gnoll hits you with a +0 bardiche!
* * * LOW HITPOINT WARNING * * *
You closely miss the gnoll. You kick the gnoll.
The gnoll is severely wounded.
You barely miss the gnoll.
The gnoll is severely wounded.
The gnoll hits you with a +0 bardiche!
You die...

#####<(...#########.#########.#..
#####.# #.# ######.... #.#
#####.. .......... #.#
##...###########...# #.# ##....#
##.#####.##. #.###...^.##
#.....)..### #..........#
##.####### ### #..g..# #(# #..@)#
#.# ##.#.# #.# ###.# #.# #.# #.#
#.#####.# #.......# #########


You could see a gnoll.

Vanquished Creatures
  2 gnolls (D:2)
  A worm (D:2)
  A dart slug (D:2)
  A leopard gecko (D:1)
  2 giant cockroaches (D:1)
  3 hobgoblins
  4 kobolds
  2 quokkas
  5 bats
  2 frilled lizards
  4 goblins
  3 rats (D:2)
30 creatures vanquished.

Notes
Turn   | Place    | Note
-------+----------+-------------------------------------------
     0 | D:1      | Folque the Centaur Skald began the quest for the Orb.
     0 | D:1      | Reached XP level 1. HP: 17/17 MP: 3/3
     6 | D:1      | Noticed a water moccasin
     6 | D:1      | Noticed a lindwurm
     6 | D:1      | Noticed a crocodile
     6 | D:1      | Noticed a hog
     6 | D:1      | Noticed a swamp drake
   378 | D:1      | Reached XP level 2. HP: 25/25 MP: 4/4
  1632 | D:2      | Reached XP level 3. HP: 9/30 MP: 3/6
  1884 | D:1      | Learned a level 2 spell: Shroud of Golubria
  1887 | D:1      | Learned a level 2 spell: Song of Slaying
  1989 | D:2      | Slain by a gnoll

Skill      XL: |  1  2  3 |
---------------+----------+-----
Spellcasting   | 2 |  2.3
Charms         | 3 |  3.0
Fighting       | 3 |  3.0
Long Blades    | |  1.7
Armour         | |  0.6
Dodging        | |  1.3

Action                   || total
-------------------------++-------
Melee: Falchion          ||    97
       Kick              ||    17
Throw: Tomahawk          ||    10
 Cast: Infusion          ||     3
       Shroud of Golubri ||     2
       Song of Slaying   ||     1
  Eat: Chunk             ||     2
Armor: Leather armour    ||    41
Dodge: Dodged            ||    68
       Rpst.: Falchion   ||    17
